 Dungeon Crawl Stone Soup version 0.29.1-13-g9f3cf754e1 (webtiles) character file.

Game seed: 1588754352788025475

4060 LSt the Skirmisher (level 10, -1/79 HPs)
             Began as a Gnoll Wanderer on Jan 28, 2023.
             Was a Follower of Cheibriados.
             Slain by an orange demon (6 damage)
             ... led by Amaemon
             ... on level 8 of the Dungeon.
             The game lasted 01:01:14 (8741 turns).

LSt the Skirmisher (Gnoll Wanderer)                 Turns: 8741, Time: 01:01:15

Health: -1/79      AC: 15    Str: 23    XL:     10   Next: 25%
Magic:  1/17       EV: 12    Int: 17    God:    Cheibriados [*.....]
Gold:   502        SH:  0    Dex: 19    Spells: 9/19 levels left

rFire   . . .      SeeInvis .   a - +2 sling
rCold   . . .      Faith    .   (no shield)
rNeg    . . .      Spirit   .   T - +0 steam dragon scales
rPois   .          Reflect  .   (no helmet)
rElec   .          Harm     .   m - +0 cloak
rCorr   .          Rampage  .   Y - +0 pair of gloves
Will    .....                   (no boots)
Stlth   ++++......              (no amulet)
HPRegen 0.23/turn               f - +4 ring of slaying
MPRegen 0.15/turn               N - ring "Usixabaaf" {Int+5 Dex+6}

@: lethally poisoned (-1 -> -37), ice-armoured, grasped by roots, very slightly
contaminated, constricted, very slow
A: fangs 1, strong nose, distributed training
a: Renounce Religion, Bend Time


You were on level 8 of the Dungeon.
You worshipped Cheibriados.
Cheibriados was aware of your devotion.
You visited 2 branches of the dungeon, and saw 9 of its levels.

You collected 502 gold pieces.

Inventory:

Hand Weapons
 a - a +2 sling (weapon)
 b - a +1 dagger of venom
 h - a +0 spear
 i - a +0 hand axe
 u - a +1 vorpal mace
 y - a +0 trident
 A - a +0 hand axe of freezing
 D - a +0 morningstar
 L - a +0 shortbow
 P - a +2 flail
 Q - a +3 short sword
 S - a +0 broad axe
Missiles
 g - 10 poisoned darts
 t - 77 stones
 B - 2 silver boomerangs
 C - 4 curare-tipped darts
 E - 2 atropa-tipped darts
 I - 2 javelins
Armour
 e - a +0 chain mail
 m - a +0 cloak (worn)
 H - a +0 scale mail
 T - +0 steam dragon scales (worn)
 X - a +1 robe of cold resistance
 Y - a +0 pair of gloves (worn)
Magical Staves
 q - a staff of cold
Jewellery
 f - a +4 ring of slaying (left hand)
 o - a ring of protection from fire
 N - the ring "Usixabaaf" (right hand) {Int+5 Dex+6}
   (You found it on level 5 of the Dungeon)

   [ring of dexterity]

   Int:       It affects your intelligence (+5).
   Dex:       It affects your dexterity (+6).
Wands
 K - a wand of roots (1)
 U - a wand of digging (4)
Scrolls
 j - a scroll of magic mapping
 r - a scroll of enchant armour {unknown}
 v - a scroll of teleportation {unknown}
 w - 2 scrolls of torment
 z - a scroll of immolation {unknown}
 F - a scroll of noise {unknown}
 M - a scroll of butterflies
 O - 2 scrolls of blinking
 R - a scroll of fear
 V - a scroll of vulnerability {unknown}
Potions
 c - a potion of resistance
 d - 2 potions of lignification
 k - 5 potions of curing
 l - 3 potions of might
 n - 2 potions of ambrosia
 p - 3 potions of heal wounds
 x - 2 potions of brilliance
 G - a potion of cancellation
 J - 2 potions of attraction
 W - 2 potions of berserk rage
 Z - a potion of invisibility


   Skills:
 + Level 7.1 Fighting
 + Level 5.3 Short Blades
 + Level 5.3 Long Blades
 + Level 5.3 Axes
 + Level 5.3 Maces & Flails
 + Level 5.9 Polearms
 + Level 5.3 Staves
 + Level 8.5 Ranged Weapons
 + Level 5.3 Throwing
 + Level 5.9 Armour
 + Level 5.3 Dodging
 + Level 8.1 Stealth
 + Level 5.3 Shields
 + Level 5.3 Unarmed Combat
 + Level 5.3 Spellcasting
 + Level 4.3 Conjurations
 + Level 4.3 Hexes
 + Level 4.3 Summonings
 + Level 4.3 Necromancy
 + Level 4.3 Translocations
 + Level 4.3 Transmutations
 + Level 4.3 Fire Magic
 + Level 4.3 Ice Magic
 + Level 4.3 Air Magic
 + Level 4.3 Earth Magic
 + Level 4.3 Poison Magic
 + Level 5.8 Invocations
 + Level 5.3 Evocations


You had 9 spell levels left.
You knew the following spells:

 Your Spells              Type           Power      Damage    Failure   Level
a - Conjure Flame         Conj/Fire      19%        6-21      7%          3
b - Flame Wave            Conj/Fire      19%        2d7       22%         4
c - Ozocubu's Armour      Ice            19%        N/A       7%          3

Your spell library contained the following spells:

 Spells                   Type           Power      Damage    Failure   Level
 Foxfire                  Conj/Fire      76%        2x1d7     2%          1
 Scorch                   Fire           38%        2d6       3%          2
 Inner Flame              Hex/Fire       19%        N/A       7%          3
 Summon Guardian Golem    Hex/Summ       19%        N/A       7%          3
 Summon Cactus Giant      Summ           9%         N/A       98%         6
 Orb of Destruction       Conj           9%         9d6       100%        7
 Ozocubu's Refrigeration  Ice            9%         4d9       100%        7
 Spellforged Servitor     Conj/Summ      9%         N/A       100%        7


Dungeon Overview and Level Annotations

Branches:
Dungeon (8/15)             Temple (1/1) D:5
   Lair: D:8-11

Altars:
Ashenzari
Cheibriados
Dithmenos
Elyvilon
Fedhas
Gozag
Hepliaklqana
Kikubaaqudgha
Makhleb
Okawaru
Qazlal
Uskayaw
Vehumet
Wu Jian
Xom
Yredelemnul
Zin
The Shining One

Annotations:
D:8 Amaemon


Innate Abilities, Weirdness & Mutations

You have very sharp teeth.
Your uncanny sense of smell can sniff out nearby items.
Your experience applies equally to all skills.


Message History

You feel sick.
The roots release their grip on the orange demon.
Amaemon closely misses you. Amaemon claws you!
Amaemon tail-slaps you but does no damage.
The grasping roots constrict you.
The orange demon stings you but does no damage.
Press: ? - help, v - describe, . - travel
Here: Amaemon, wielding a -1 demon whip of venom and carrying a wand of roots (13) (heavily wounded)
The floor.
Casting: Flame Wave (dangerous; 22% risk of failure)
Confirm with . or Enter, or press ? or * to list all spells.
Casting: Flame Wave (dangerous; 22% risk of failure)
Press: ? - help, Dir - look around, f - activate You miscast Flame Wave.
You are very lightly contaminated with residual magic.
Nothing appears to happen.
You feel sick.
Amaemon hits you with a -1 demon whip of venom.
You are more poisoned.
Amaemon claws you but does no damage.
Amaemon tail-slaps you but does no damage.
The grasping roots constrict you.
A kobold comes into view. It is wielding a +0 short sword.
The orange demon stings you from afar!
Okay, then.
Casting: Flame Wave (dangerous; 22% risk of failure)
Confirm with . or Enter, or press ? or * to list all spells.
Casting: Flame Wave (dangerous; 22% risk of failure)
Press: ? - help, Dir - look around, f - activate You miscast Flame Wave.
Sparks fly from your hands!
* * * LOW HITPOINT WARNING * * *
x2 You feel very sick.
Amaemon hits you with a -1 demon whip of venom.
* * * LOW HITPOINT WARNING * * *
You are more poisoned.
Amaemon claws you but does no damage. Amaemon closely misses you.
The grasping roots constrict you.
A kobold comes into view. It is wielding a +0 dagger.
The orange demon stings you from afar.
You die...

.....K ...K.. .. .....> #..
#...... #.. ....... ###..
....... ###...> ###.4..#
##...... #.@6.#.#.###.......
### ##....#...#......... #.#
#..#### ............
##.###..#######..........
#...#....##..............
#.)......##..............
###....###.................
##.##..####.....#...........
###.<.#...#.#..##.#...........


You could see Amaemon, an orange demon and 2 kobolds.

Vanquished Creatures
  Prince Ribbit (D:5)
  A wyvern (D:5)
  3 yaks (D:8)
  Eustachio (D:5)
  4 steam dragons
  A water moccasin (D:7)
  3 sky beasts
  2 ice beasts
  An ogre (D:4)
  A centaur (D:5)
  2 phantoms
  4 necrophages
  3 bullfrogs
  2 scorpions
  5 wights (D:5)
  3 killer bees (D:7)
  2 hounds (D:6)
  A jelly (D:7)
  8 orc priests
  An iguana (D:6)
  10 orc wizards
  8 adders
  A shadow imp (D:8)
  A white imp (D:7)
  2 ufetubi (D:4)
  4 worms
  3 dart slugs
  29 orcs
  7 ball pythons
  11 bats
  7 endoplasms
  6 giant cockroaches
  6 goblins
  6 hobgoblins
  6 jackals
  8 kobolds
  7 quokkas
  5 frilled lizards
  4 rats
180 creatures vanquished.

Vanquished Creatures (others)
  A bush (D:5)
  7 fungi (D:6)
8 creatures vanquished.

Grand Total: 188 creatures vanquished

Notes
Turn   | Place    | Note
-------+----------+-------------------------------------------
     0 | D:1      | LSt the Gnoll Wanderer began the quest for the Orb.
     0 | D:1      | LSt set off with the following items: a +2 sling, a +0
                  | spear, a +0 pair of gloves, a potion of lignification, a +0
                  | leather armour.
     0 | D:1      | Reached XP level 1. HP: 20/20 MP: 1/1
    96 | D:1      | Reached XP level 2. HP: 26/26 MP: 2/2
   189 | D:1      | Found a faded altar of an unknown god.
   209 | D:1      | Found a faded altar of an unknown god.
   323 | D:1      | Reached XP level 3. HP: 31/31 MP: 3/3
   326 | D:1      | You fall into a shaft and drop 1 floor!
   541 | D:1      | Reached skill level 1 in Invocations
   919 | D:2      | Reached skill level 1 in Short Blades
   919 | D:2      | Reached skill level 1 in Long Blades
   919 | D:2      | Reached skill level 1 in Axes
   919 | D:2      | Reached skill level 1 in Maces & Flails
   919 | D:2      | Reached skill level 1 in Staves
   919 | D:2      | Reached skill level 1 in Throwing
   919 | D:2      | Reached skill level 1 in Dodging
   919 | D:2      | Reached skill level 1 in Shields
   919 | D:2      | Reached skill level 1 in Unarmed Combat
   919 | D:2      | Reached skill level 1 in Spellcasting
   919 | D:2      | Reached skill level 1 in Evocations
  1073 | D:2      | Reached XP level 4. HP: 38/38 MP: 5/5
  1551 | D:2      | Reached skill level 1 in Conjurations
  1551 | D:2      | Reached skill level 1 in Hexes
  1551 | D:2      | Reached skill level 1 in Summonings
  1551 | D:2      | Reached skill level 1 in Necromancy
  1551 | D:2      | Reached skill level 1 in Translocations
  1551 | D:2      | Reached skill level 1 in Transmutations
  1551 | D:2      | Reached skill level 1 in Fire Magic
  1551 | D:2      | Reached skill level 1 in Ice Magic
  1551 | D:2      | Reached skill level 1 in Air Magic
  1551 | D:2      | Reached skill level 1 in Earth Magic
  1551 | D:2      | Reached skill level 1 in Poison Magic
  1923 | D:3      | Noticed a steam dragon
  2049 | D:3      | Reached XP level 5. HP: 39/43 MP: 5/7
  2751 | D:3      | Reached XP level 6. HP: 45/50 MP: 8/8
  2786 | D:4      | Reached skill level 5 in Fighting
  3547 | D:4      | Reached XP level 7. HP: 56/56 MP: 10/10
  3988 | D:5      | Entered Level 5 of the Dungeon
  4059 | D:5      | Found a broken altar of Ashenzari.
  4059 | D:5      | Noticed Prince Ribbit
  4322 | D:5      | Identified the ring "Usixabaaf" {Int+5 Dex+6}
  4325 | D:5      | Found a stormy altar of Qazlal.
  4355 | D:5      | Found a snail-covered altar of Cheibriados.
  4468 | D:5      | Reached XP level 8. HP: 63/63 MP: 12/12
  4473 | D:5      | Noticed Eustachio
  4709 | D:5      | Found a glowing silver altar of Zin.
  4795 | D:5      | Noticed a wyvern
  4801 | D:5      | Killed a wyvern
  5065 | D:5      | Found a staircase to the Ecumenical Temple.
  5072 | Temple   | Entered the Ecumenical Temple
  5072 | Temple   | Found a transporter.
  5072 | Temple   | Found a transporter.
  5074 | Temple   | Found a transporter.
  5074 | Temple   | Found a transporter.
  5259 | D:5      | Killed Eustachio
  5414 | D:5      | Became a worshipper of Cheibriados the Contemplative
  5700 | D:5      | Learned a level 3 spell: Conjure Flame
  6049 | D:6      | Reached XP level 9. HP: 60/69 MP: 11/15
  6172 | D:6      | Found an ornate altar of the Wu Jian Council.
  6240 | D:6      | Found a hazy altar of Hepliaklqana.
  6490 | D:6      | Found an iron altar of Okawaru.
  6694 | D:7      | Reached skill level 5 in Polearms
  6694 | D:7      | Reached skill level 5 in Armour
  7156 | D:7      | Reached * piety under Cheibriados
  7556 | D:7      | Reached skill level 5 in Invocations
  7572 | D:7      | Learned a level 4 spell: Flame Wave
  8187 | D:5      | Learned a level 3 spell: Ozocubu's Armour
  8192 | D:5      | Killed Prince Ribbit
  8324 | D:8      | Reached skill level 5 in Short Blades
  8324 | D:8      | Reached skill level 5 in Long Blades
  8324 | D:8      | Reached skill level 5 in Axes
  8324 | D:8      | Reached skill level 5 in Maces & Flails
  8324 | D:8      | Reached skill level 5 in Staves
  8324 | D:8      | Reached skill level 5 in Throwing
  8324 | D:8      | Reached skill level 5 in Dodging
  8324 | D:8      | Reached skill level 5 in Shields
  8324 | D:8      | Reached skill level 5 in Unarmed Combat
  8324 | D:8      | Reached skill level 5 in Spellcasting
  8324 | D:8      | Reached skill level 5 in Evocations
  8324 | D:8      | Reached XP level 10. HP: 69/77 MP: 17/17
  8730 | D:8      | Noticed an orange demon
  8733 | D:8      | Noticed Amaemon
  8741 | D:8      | Slain by an orange demon

Illustrated notes

Levels and vault maps discovered:
D:1:      evilmike_arrival_grusome_pit, layout_rooms,
          hellmonk_ecumenical_altar_the_god_not_taken
D:2:      minmay_spotlight, layout_basic, corexii_hall_statues_u,
          corexii_hall_statues_t, chequers_avenue, grunt_ministairs_9,
          minmay_misc_feat_square
D:3:      layout_basic
D:4:      layout_basic, minmay_fractal_squares_diagonal_5
D:5:      layout_basic, ashenzari_conservatory_becter,
          mainiacjoe_overflow_six_doors_small,
          mainiacjoe_overflow_catwalk_spiral, minmay_temple_entry_statues,
          hangedman_abyss_or_decor_stagger, kb_lookout_dungeons_type,
          uniq_prince_ribbit1, uniq_eustachio
D:6:      layout_loops_ring, nzn_wu_jian_contemplation,
          nicolae_hepliaklqana_hippocampus, mainiacjoe_overflow_alcove_4
D:7:      layout_basic
D:8:      layout_cave_pools, led_sif_book, uniq_amaemon
Temple:   hellmonk_temple_divided_pantheon

Skill      XL: |  1  2  3  4  5  6  7  8  9 10 |
---------------+-------------------------------+-----
Stealth        | 6 7 8 |  8.1
Invocations    | 1 2 3 4 5 |  5.8
Short Blades   | 1 2 3 4 5 |  5.3
Long Blades    | 1 2 3 4 5 |  5.3
Axes           | 1 2 3 4 5 |  5.3
Maces & Flails | 1 2 3 4 5 |  5.3
Staves         | 1 2 3 4 5 |  5.3
Throwing       | 1 2 3 4 5 |  5.3
Dodging        | 1 2 3 4 5 |  5.3
Shields        | 1 2 3 4 5 |  5.3
Unarmed Combat | 1 2 3 4 5 |  5.3
Spellcasting   | 1 2 3 4 5 |  5.3
Evocations     | 1 2 3 4 5 |  5.3
Conjurations   | 1 2 3 4 |  4.3
Hexes          | 1 2 3 4 |  4.3
Summonings     | 1 2 3 4 |  4.3
Necromancy     | 1 2 3 4 |  4.3
Translocations | 1 2 3 4 |  4.3
Transmutations | 1 2 3 4 |  4.3
Fire Magic     | 1 2 3 4 |  4.3
Ice Magic      | 1 2 3 4 |  4.3
Air Magic      | 1 2 3 4 |  4.3
Earth Magic    | 1 2 3 4 |  4.3
Poison Magic   | 1 2 3 4 |  4.3
Polearms       | 3 4 5 |  5.9
Armour         | 3 4 5 |  5.9
Fighting       | 5 6 7 |  7.1
Ranged Weapons | 7 8 |  8.5

Action                   |  1- 3 |  4- 6 |  7- 9 | 10-12 || total
-------------------------+-------+-------+-------+-------++-------
Melee: Dagger            |       |    32 |    79 |    10 ||   121
       Bite              |       |     4 |    14 |     2 ||    20
       Punch             |       |       |     3 |       ||     3
       Short sword       |       |       |     1 |       ||     1
       Hand axe          |       |       |       |     5 ||     5
 Fire: Sling             |    62 |   146 |   245 |    45 ||   498
 Cast: Conjure Flame     |       |       |     3 |       ||     3
       Ozocubu's Armour  |       |       |     1 |     1 ||     2
       Flame Wave        |       |       |       |     1 ||     1
Invok: Bend Time         |       |       |       |     1 ||     1
Evoke: Wand              |       |       |     1 |     2 ||     3
  Use: Scroll            |     4 |     3 |     9 |       ||    16
Armor: Leather armour    |     1 |       |       |       ||     1
       Ring mail         |     2 |    21 |    34 |       ||    57
       Steam dragon scal |       |       |     8 |     7 ||    15
Dodge: Dodged            |     3 |    28 |   104 |    10 ||   145
